 Dungeon Crawl Stone Soup version 0.27-a0-1442-g87b6fcb595 (webtiles) character file.

Game seed: 10831462507306053038

8 flotson the Sneak (level 2, 0/14 HPs)
             Began as a Felid Delver on July 4, 2021.
             Slain by a hobgoblin (3 damage)
             ... led by Robin
             ... on level 3 of the Dungeon.
             The game lasted 00:00:47 (98 turns).

flotson the Sneak (Felid Delver)                      Turns: 98, Time: 00:00:48

Health: 0/14       AC:  1    Str:  8    XL:     2   Next: 0%
Magic:  3/3        EV: 17    Int: 11    God:
Gold:   10         SH:  0    Dex: 17    Spells: 1/1 levels left
                                        Lives:  0   Deaths: 0

rFire    . . .     SeeInvis +     - Unarmed
rCold    . . .     Faith    .   (shield unavailable)
rNeg     . . .     Spirit   .   (armour unavailable)
rPois    .         Reflect  .   (helmet unavailable)
rElec    .         Harm     .   (cloak unavailable)
rCorr    .         Rampage  .   (gloves unavailable)
Will     .....                  (boots unavailable)
Stlth    ++++......             (no amulet)
HPRegen  0.04/turn              (no ring)
MPRegen  0.08/turn              (no ring)

@: quick
A: very small, claws 1, fangs 3, see invisible, speed 1, shaggy fur 1, stealthy
paws, no weapons or thrown items, no armour, multi-lived
a: no special abilities


You were on level 3 of the Dungeon.
You visited 1 branch of the dungeon, and saw 4 of its levels.

You collected 10 gold pieces.

Inventory:

Wands
 e - a wand of digging (3)
Scrolls
 a - a scroll of fog
Potions
 b - 2 potions of heal wounds {unknown}
 c - a potion of curing {unknown}
 d - a potion of haste


   Skills:
 + Level 3.1 Fighting
 + Level 2.7 Dodging
 + Level 7.0 Stealth
 + Level 2.0 Unarmed Combat


You had one spell level left.
You didn't know any spells.
Your spell library was empty.

Dungeon Overview and Level Annotations

Branches:
Dungeon (5/15)
 Temple: D:4-7

Altars:

Annotations:
D:2 Robin


Innate Abilities, Weirdness & Mutations

You have sharp claws.
You have razor-sharp teeth.
You have supernaturally acute eyesight. (SInv)
You cover ground quickly. (Speed+)
You are covered in fur. (AC +1)
Your paws help you pounce on unaware monsters.
You are incapable of wielding weapons or throwing items.
You cannot wear armour.
You gain extra lives every three experience levels.


Message History

You scratch the dart slug but do no damage.
You bite the dart slug.
The dart slug is severely wounded.
The dart slug barely misses you.
You scratch the dart slug.
You kill the dart slug!
Your Stealth skill increases to level 7!
You have reached level 2!
You enter the shallow water.
Moving in this stuff is going to be slow.
Found two stone staircases leading up.
Found a bubbling yellow potion.
Found a scroll labelled FEONEMA LYGOFE.
You see here a +0 ring mail.
c - a pink potion 2 dart slugs come into view.
Found a book of Winter.
You see here 10 gold pieces.
You now have 10 gold pieces.
There is a stone staircase leading up here.
You climb upwards. 9 goblins, a hobgoblin and Robin come into view.
The goblin shouts! x6; Robin shouts!
The goblin shouts! x3
The hobgoblin shouts!
Found a robe.
There is a stone staircase leading down here.
Unknown command.
The goblin hits you with a +0 dagger. The goblin misses you.
The hobgoblin hits you. The goblin completely misses you.
The goblin closely misses you. x2; The goblin hits you with a +0 club.
You climb downwards.
There is a stone staircase leading up here.
You barely miss the goblin. You bite the goblin, but do no damage.
Unknown command.
You scratch the goblin. You bite the goblin.
You kill the goblin!
The goblin misses you. The goblin hits you with a +0 club.
* * * LOW HITPOINT WARNING * * *
The hobgoblin hits you.
You die...

w≈≈#. #.#
##.≈#≈≈≈≈≈w## #>#
.#≈≈≈≈≈≈≈≈#≈≈#### #.#
.≈≈≈≈≈≈≈≈≈≈≈#≈#.###.#
w≈≈#≈≈≈≈≈≈≈≈≈≈†.....#
≈≈≈≈≈≈≈≈≈≈≈≈#≈≈####(#
≈≈≈≈≈≈≈≈#≈≈.#≈≈≈# #.#
≈≈?..≈gg♣≈#≈.≈≈####.#
≈≈....g@)[.♣.≈≈..##.#
#≈≈!≈≈ggg≈≈..##≈.##.#
≈≈≈≈≈≈≈≈≈≈≈≈≈≈≈≈....#
≈≈≈≈≈≈≈≈≈≈≈≈≈≈≈..####
w≈≈≈≈≈≈≈≈≈≈≈≈≈...#
.≈≈≈≈≈≈≈≈≈≈≈#≈#..#
:#≈≈≈#≈≈≈≈#≈≈###.#
##.≈≈≈≈≈≈≈.## ..#
...≈≈.≈≈##. .##


You could see 2 dart slugs, a hobgoblin and 5 goblins.

Vanquished Creatures
  2 dart slugs (D:3)
  A ball python (D:4)
  An endoplasm (D:4)
  A goblin (D:3)
5 creatures vanquished.

Notes
Turn   | Place    | Note
-------+----------+-------------------------------------------
     0 | D:5      | flotson the Felid Delver began the quest for the Orb.
     0 | D:5      | Reached XP level 1. HP: 10/10 MP: 2/2
     6 | D:5      | Noticed an iguana
    82 | D:3      | Reached skill level 7 in Stealth
    82 | D:3      | Reached XP level 2. HP: 14/14 MP: 3/3
    94 | D:2      | Noticed Robin
    98 | D:3      | Slain by a hobgoblin

Illustrated notes

Levels and vault maps discovered:
D:2:      layout_basic, serial_corexii_hall, corexii_hall_statues_i,
          corexii_hall_statues_l, minmay_mini_jars, uniq_robin
D:3:      kennysheep_slugbush, layout_loops_ring,
          hellmonk_ecumenical_altar_slurped_away, minmay_stone_trees_medium,
          uniq_grinder
D:4:      layout_loops_ring, minmay_temple_entry_nine_rooms, kennysheep_nub,
          saegor_snake_ambush
D:5:      layout_gridville, minmay_manual_mares, uniq_menkaure, uniq_eustachio,
          uniq_blork_the_orc

Skill      XL: |  1 |
---------------+----+-----
Stealth        | 7 |  7.0
Fighting       | |  3.1
Dodging        | |  2.7
Unarmed Combat | |  2.0

Action                   || total
-------------------------++-------
Melee: Unarmed           ||    11
       Bite              ||     5
  Use: Scroll            ||     2
 Stab: Sleeping          ||     3
Dodge: Dodged            ||    10

Table legend: (Time is in decaauts)
 A = Elapsed time spent in this place.
 B = Non-inter-level travel time spent in this place.
 C = Inter-level travel time spent in this place.
 D = Time resting spent in this place.
 E = Time spent auto-exploring this place.
 F = Levels seen in this place.
 G = Mean time per level.
                   A        B        C        D        E       F      G
               +--------+--------+--------+--------+--------+-----+--------+
         Total |     83 |     83 |      0 |      0 |     16 |   4 |   20.8 |
       Dungeon |     83 |     83 |      0 |      0 |     16 |   4 |   20.8 |
               +--------+--------+--------+--------+--------+-----+--------+

Top non-repeatable levels by time:
     D:3: 38 daAuts
     D:5: 22 daAuts
     D:4: 20 daAuts
     D:2: 1 daAuts
